EL
AKRON RUBBERDUCKS @ MONTGOMERY BISCUITS
09/12/2049
 
TOP OF THE 1ST
Akron RubberDucks batting - Pitching for Montgomery Biscuits : RHP Greg Spaulding
Pitching: RHP Greg Spaulding
Batting: LHB Stu Sornson 0-0: Called Strike
0-1: Foul Ball, location: 2F
0-2: Ball
1-2: Ball
2-2: Ball
3-2: Foul Ball, location: 2F
3-2: Strikes out swinging
Batting: RHB Mitch Boyd 0-0: Ball
1-0: Ball
2-0: Called Strike
2-1: Fly out, F9 (Line Drive, 9, EV 89.4 MPH)
Batting: RHB Tristan Wright 0-0: Ball
1-0: Fly out, F8 (Flyball, 8RD, EV 85.6 MPH)
Top of the 1st over - 0 runs, 0 hits, 0 errors, 0 left on base; Akron 0 - Montgomery 0
BOTTOM OF THE 1ST
Montgomery Biscuits batting - Pitching for Akron RubberDucks : LHP Mitch Lewis
Pitching: LHP Mitch Lewis
Batting: RHB Adam Turpin 0-0: SINGLE (Line Drive, 78S, EV 100.6 MPH)
Batting: RHB Dan Marks 0-0: Called Strike
0-1: Ball
1-1: SINGLE (Line Drive, 56D, EV 109.4 MPH)
Adam Turpin to second
Adam Turpin to third
Batting: SHB Wayne Hattan 0-0: Foul Ball, location: 2F
0-1: 3-RUN HOME RUN (Flyball, 78XD, EV 103.1 MPH), Distance : 408 ft
Batting: RHB Jason Penfield 0-0: Called Strike
0-1: Swinging Strike
0-2: Ball
1-2: Ball
2-2: Foul Ball, location: 2F
2-2: Strikes out swinging
Batting: LHB Mario Ocana 0-0: DOUBLE (Line Drive, 7LS, EV 111.9 MPH)
Batting: RHB Freddy Mullen 0-0: Ground out 4-3 (Groundball, 4, EV 88.1 MPH)
Mario Ocana to third
Batting: RHB John Downing 0-0: Called Strike
0-1: Ball
1-1: Foul Ball, location: 2F
1-2: Ball
2-2: DOUBLE (Line Drive, 9LM, EV 93.1 MPH)
Mario Ocana scores
Batting: RHB Isaiah Easter 0-0: Called Strike
0-1: Foul Ball, location: 2F
0-2: Ball
1-2: Ball
2-2: Ground out 6-3 (Groundball, 6, EV 101.9 MPH)
Bottom of the 1st over - 4 runs, 5 hits, 0 errors, 1 left on base; Akron 0 - Montgomery 4
TOP OF THE 2ND
Akron RubberDucks batting - Pitching for Montgomery Biscuits : RHP Greg Spaulding
Batting: LHB Costodio Varino 0-0: Ball
1-0: Ground out 5-3 (Groundball, 56S, EV 80.6 MPH)
Batting: RHB Justin Lauderdale 0-0: Swinging Strike
0-1: Foul Ball, location: 2F
0-2: Ball
1-2: Foul Ball, location: 2F
1-2: Foul Ball, location: 2F
1-2: Ball
2-2: Foul Ball, location: 2F
2-2: Fly out, F9 (Flyball, 9D, EV 72.5 MPH)
Batting: RHB Adam McMillen 0-0: Ground out 5-3 (Groundball, 56, EV 86.9 MPH)
Top of the 2nd over - 0 runs, 0 hits, 0 errors, 0 left on base; Akron 0 - Montgomery 4
BOTTOM OF THE 2ND
Montgomery Biscuits batting - Pitching for Akron RubberDucks : LHP Mitch Lewis
Batting: RHB Khalil Walker 0-0: Foul Ball, location: 2F
0-1: Ball
1-1: Ground out 5-3 (Groundball, 5, EV 85.6 MPH)
Batting: RHB Adam Turpin 0-0: Ball
1-0: Foul Ball, location: 2F
1-1: Ball
2-1: Foul Ball, location: 2F
2-2: Fly out, F8 (Flyball, 8LD, EV 81.9 MPH)
Batting: RHB Dan Marks 0-0: Called Strike
0-1: Ball
1-1: Called Strike
1-2: Strikes out swinging
Bottom of the 2nd over - 0 runs, 0 hits, 0 errors, 0 left on base; Akron 0 - Montgomery 4
TOP OF THE 3RD
Akron RubberDucks batting - Pitching for Montgomery Biscuits : RHP Greg Spaulding
Batting: SHB Edwin Dominguez 0-0: Ball
1-0: Ball
2-0: Ball
3-0: Base on Balls
Batting: RHB Anibal Casteles 0-0: Ball
1-0: Grounds into double play, 4-6-3 (Groundball, 4M, EV 79.4 MPH)
Batting: RHB Kenzo Shinoda 0-0: Called Strike
0-1: Ball
1-1: Foul Ball, location: 2F
1-2: Ground out 6-3 (Groundball, 6S, EV 89.4 MPH)
Top of the 3rd over - 0 runs, 0 hits, 0 errors, 0 left on base; Akron 0 - Montgomery 4
BOTTOM OF THE 3RD
Montgomery Biscuits batting - Pitching for Akron RubberDucks : LHP Mitch Lewis
Batting: SHB Wayne Hattan 0-0: Called Strike
0-1: Swinging Strike
0-2: Ball
1-2: Ball
2-2: Strikes out swinging
Batting: RHB Jason Penfield 0-0: Ball
1-0: Ball
2-0: Foul Ball, location: 2F
2-1: Ball
3-1: Called Strike
3-2: Ground out 6-3 (Groundball, 56D, EV 101.9 MPH)
Batting: LHB Mario Ocana 0-0: Ball
1-0: SOLO HOME RUN (Flyball, 9LD, EV 102.5 MPH), Distance : 426 ft
Batting: RHB Freddy Mullen 0-0: Ball
1-0: Called Strike
1-1: Called Strike
1-2: Ball
2-2: Strikes out looking
Bottom of the 3rd over - 1 run, 1 hit, 0 errors, 0 left on base; Akron 0 - Montgomery 5
TOP OF THE 4TH
Akron RubberDucks batting - Pitching for Montgomery Biscuits : RHP Greg Spaulding
Batting: LHB Stu Sornson 0-0: Ball
1-0: Swinging Strike
1-1: Swinging Strike
1-2: Strikes out looking
Batting: RHB Mitch Boyd 0-0: Ball
1-0: Foul Ball, location: 2F
1-1: TRIPLE (Flyball, 9D, EV 94.4 MPH)
DELAY Rain delay of 38 minutes in the 4th inning.
Batting: RHB Tristan Wright 0-0: Ground out 4-3 (Groundball, 4, EV 103.8 MPH)
Mitch Boyd scores
Batting: LHB Costodio Varino 0-0: Swinging Strike
0-1: Ball
1-1: Foul Ball, location: 2F
1-2: Foul Ball, location: 2F
1-2: Strikes out swinging
Top of the 4th over - 1 run, 1 hit, 0 errors, 0 left on base; Akron 1 - Montgomery 5
BOTTOM OF THE 4TH
Montgomery Biscuits batting - Pitching for Akron RubberDucks : LHP Mitch Lewis
Batting: RHB John Downing 0-0: Swinging Strike
0-1: Swinging Strike
0-2: Ball
1-2: Fly out, F8 (Line Drive, 8LM, EV 101.9 MPH)
Batting: RHB Isaiah Easter 0-0: Called Strike
0-1: SINGLE (Line Drive, 7S, EV 91.9 MPH)
Pitching: RHP Danny Bustos
Batting: RHB Khalil Walker 0-0: Called Strike
0-1: Ball
Isaiah Easter steals 2nd, throwing error, E2
Isaiah Easter to third
1-1: Called Strike
1-2: Ground out 4-3 (Groundball, 4M, EV 80.0 MPH)
Isaiah Easter scores
Batting: RHB Adam Turpin 0-0: Called Strike
0-1: Foul Ball, location: 2F
0-2: Ground out 4-3 (Groundball, 4, EV 80.6 MPH)
Bottom of the 4th over - 1 run, 1 hit, 1 error, 0 left on base; Akron 1 - Montgomery 6
TOP OF THE 5TH
Akron RubberDucks batting - Pitching for Montgomery Biscuits : RHP Greg Spaulding
Batting: RHB Justin Lauderdale 0-0: Swinging Strike
0-1: Reached on error, E6 (Groundball, P, EV 87.5 MPH)
Batting: RHB Adam McMillen 0-0: Ball
1-0: Fly out, F7 (Line Drive, 78M, EV 88.8 MPH)
Batting: SHB Edwin Dominguez 0-0: Ball
1-0: Foul Ball, location: 2F
1-1: Foul Ball, location: 2F
1-2: Ball
2-2: Foul Ball, location: 2F
2-2: Fly out, F8 (Flyball, 78D, EV 89.4 MPH)
Batting: RHB Anibal Casteles 0-0: Ball
1-0: Ball
2-0: Foul Ball, location: 2F
2-1: Ball
3-1: Fly out, F7 (Flyball, 78M, EV 90.6 MPH)
Top of the 5th over - 0 runs, 0 hits, 1 error, 1 left on base; Akron 1 - Montgomery 6
BOTTOM OF THE 5TH
Montgomery Biscuits batting - Pitching for Akron RubberDucks : RHP Danny Bustos
Batting: RHB Dan Marks 0-0: Ball
1-0: Foul Ball, location: 2F
1-1: Called Strike
1-2: Strikes out swinging
Batting: SHB Wayne Hattan 0-0: Ground out 4-3 (Groundball, 34, EV 101.9 MPH)
Batting: RHB Jason Penfield 0-0: Ball
1-0: SINGLE (Line Drive, 8RS, EV 89.4 MPH)
Batting: LHB Mario Ocana 0-0: Fly out, F7 (Flyball, 7LS, EV 93.8 MPH)
Bottom of the 5th over - 0 runs, 1 hit, 0 errors, 1 left on base; Akron 1 - Montgomery 6
TOP OF THE 6TH
Akron RubberDucks batting - Pitching for Montgomery Biscuits : RHP Greg Spaulding
Batting: RHB Kenzo Shinoda 0-0: Ball
1-0: Foul Ball, location: 2F
1-1: Ground out 5-3 (Groundball, 56, EV 100.0 MPH)
Batting: LHB Stu Sornson 0-0: Ground out U3 (Groundball, 34, EV 92.5 MPH)
Batting: RHB Mitch Boyd 0-0: Fly out, F9 (Flyball, 9, EV 88.8 MPH)
Top of the 6th over - 0 runs, 0 hits, 0 errors, 0 left on base; Akron 1 - Montgomery 6
BOTTOM OF THE 6TH
Montgomery Biscuits batting - Pitching for Akron RubberDucks : RHP Danny Bustos
Batting: RHB Freddy Mullen 0-0: Ball
1-0: Fly out, F8 (Flyball, 8RD, EV 105.6 MPH)
Batting: RHB John Downing 0-0: Ball
1-0: Foul Ball, location: 2F
1-1: Called Strike
1-2: Ball
2-2: Ball
3-2: Strikes out swinging
Batting: RHB Isaiah Easter 0-0: Ball
1-0: Swinging Strike
1-1: Ball
2-1: Ground out 5-3 (Groundball, 56S, EV 92.5 MPH)
Bottom of the 6th over - 0 runs, 0 hits, 0 errors, 0 left on base; Akron 1 - Montgomery 6
TOP OF THE 7TH
Akron RubberDucks batting - Pitching for Montgomery Biscuits : RHP Greg Spaulding
Batting: RHB Tristan Wright 0-0: SINGLE (Line Drive, 89S, EV 95.0 MPH)
Batting: LHB Costodio Varino 0-0: Ball
Wild Pitch!
Tristan Wright to second
1-0: Ball
2-0: Swinging Strike
2-1: Ball
3-1: Base on Balls
Batting: RHB Justin Lauderdale 0-0: Ball
1-0: Swinging Strike
1-1: Called Strike
1-2: Strikes out swinging
Batting: RHB Adam McMillen 0-0: Foul Ball, location: 2F
0-1: Called Strike
Tristan Wright steals 3rd base (no throw)
0-2: Ball
1-2: Fly out, F8 (Flyball, 8LS, EV 76.2 MPH)
Batting: SHB Edwin Dominguez 0-0: Called Strike
0-1: Called Strike
0-2: Foul Ball, location: 2F
0-2: Strikes out swinging
Top of the 7th over - 0 runs, 1 hit, 0 errors, 2 left on base; Akron 1 - Montgomery 6
BOTTOM OF THE 7TH
Montgomery Biscuits batting - Pitching for Akron RubberDucks : RHP Danny Bustos
Batting: RHB Khalil Walker 0-0: Ball
1-0: Swinging Strike
1-1: Fly out, F8 (Line Drive, 8RS, EV 103.1 MPH)
Batting: RHB Adam Turpin 0-0: Fly out, F8 (Flyball, 89M, EV 80.0 MPH)
Batting: RHB Dan Marks 0-0: Called Strike
0-1: Swinging Strike
0-2: Ball
1-2: Strikes out looking
Bottom of the 7th over - 0 runs, 0 hits, 0 errors, 0 left on base; Akron 1 - Montgomery 6
TOP OF THE 8TH
Akron RubberDucks batting - Pitching for Montgomery Biscuits : RHP Greg Spaulding
Batting: RHB Anibal Casteles 0-0: Ball
1-0: Swinging Strike
1-1: Foul Ball, location: 2F
1-2: Strikes out swinging
Batting: RHB Kenzo Shinoda 0-0: Called Strike
0-1: Ball
1-1: Ball
2-1: Fly out, F8 (Flyball, 89M, EV 96.9 MPH)
Batting: LHB Stu Sornson 0-0: Ball
1-0: Foul Ball, location: 2F
1-1: Called Strike
1-2: Strikes out looking
Top of the 8th over - 0 runs, 0 hits, 0 errors, 0 left on base; Akron 1 - Montgomery 6
BOTTOM OF THE 8TH
Montgomery Biscuits batting - Pitching for Akron RubberDucks : RHP Danny Bustos
Batting: SHB Wayne Hattan 0-0: Ground out U3 (Groundball, 3L, EV 91.2 MPH)
Batting: RHB Jason Penfield 0-0: Foul Ball, location: 2F
0-1: Ball
1-1: Fly out, F3 (Popup, 3S, EV 72.5 MPH)
Batting: LHB Mario Ocana 0-0: Ball
1-0: Ball
2-0: Called Strike
2-1: Ball
3-1: DOUBLE (Groundball, 5L, EV 101.9 MPH)
Batting: RHB Freddy Mullen 0-0: Ball
1-0: Ball
2-0: Called Strike
2-1: Swinging Strike
2-2: Ground out 6-3 (Groundball, 56, EV 85.0 MPH)
Bottom of the 8th over - 0 runs, 1 hit, 0 errors, 1 left on base; Akron 1 - Montgomery 6
TOP OF THE 9TH
Akron RubberDucks batting - Pitching for Montgomery Biscuits : RHP Greg Spaulding
Batting: RHB Mitch Boyd 0-0: Called Strike
0-1: Ball
1-1: Foul Ball, location: 2F
1-2: Strikes out swinging
Batting: RHB Tristan Wright 0-0: Called Strike
0-1: Ball
1-1: Foul Ball, location: 2F
1-2: DOUBLE (Line Drive, 9LM, EV 93.8 MPH)
Batting: LHB Costodio Varino 0-0: Fly out, F7 (Flyball, 7D, EV 89.4 MPH)
Runner from 2nd tags up, SAFE at 3rd, no throw by LF
Batting: RHB Justin Lauderdale 0-0: Ball
1-0: Swinging Strike
1-1: Ground out 3-1 (Groundball, 34S, EV 77.5 MPH)
Top of the 9th over - 0 runs, 1 hit, 0 errors, 1 left on base; Akron 1 - Montgomery 6
Sunday, July 16th , 2023 - OOTP Baseball 24.6 Build 69